 Dungeon Crawl Stone Soup version 0.30-a0-358-g0d69a1922f (webtiles) character file.

Game seed: 10600854153765369446

1610 nfeknkrwl the Covered (level 8, -5/71 HPs)
             Began as a Minotaur Fighter on Nov 9, 2022.
             Slain by a gnoll
             ... wielding a +0 flail
             ... led by a gnoll bouda
              (8 damage)
             ... on level 6 of the Dungeon.
             The game lasted 00:11:22 (5224 turns).

nfeknkrwl the Covered (Minotaur Fighter)            Turns: 5224, Time: 00:11:23

Health: -5/71      AC:  8    Str: 23    XL:     8   Next: 63%
Magic:  7/7        EV: 11    Int:  8    God:
Gold:   226        SH:  0    Dex: 10    Spells: 7/7 levels left

rFire   . . .      SeeInvis .    u - +0 broad axe (freeze)
rCold   + . .      Faith    .    q - orb {light}
rNeg    . . .      Spirit   .    h - +1 scale mail of the Ornamental God {rC+ Will+++ rCorr Int-3}
rPois   .          Reflect  .    (helmet restricted)
rElec   .          Harm     .    (no cloak)
rCorr   +          Rampage  .    (no gloves)
Will    +++..                    (no boots)
Stlth   ..........               d - amulet of the acrobat
HPRegen 0.31/turn                l - +6 ring of intelligence
MPRegen 0.10/turn                (no ring)

@: mighty, weakened, glowing
A: horns 2, retaliatory headbutt
a: no special abilities


You were on level 6 of the Dungeon.
You visited 1 branch of the dungeon, and saw 6 of its levels.

You collected 226 gold pieces.

Inventory:

Hand Weapons
 a - a +1 war axe
 u - a +0 broad axe of freezing (weapon)
Armour
 h - the +1 scale mail of the Ornamental God (worn) {rC+ Will+++ rCorr Int-3}
   (You took it off a goblin on level 2 of the Dungeon)

   Int:       It affects your intelligence (-3).
   rC:        It protects you from cold.
   rCorr:     It protects you from acid and corrosion.
   Will:      It greatly increases your willpower.
 q - an orb of light (worn)
Jewellery
 d - an amulet of the acrobat (around neck)
 l - a +6 ring of intelligence (left hand)
Wands
 j - a wand of charming (32)
 o - a wand of light (7)
Scrolls
 i - 2 scrolls of teleportation
 n - a scroll of torment
 s - a scroll of vulnerability
Potions
 e - 2 potions of cancellation
 f - 2 potions of curing
 g - a potion of heal wounds
 k - a potion of degeneration {unknown}
 m - a potion of haste {unknown}
 r - a potion of berserk rage
 t - a potion of ambrosia {unknown}


   Skills:
 + Level 6.8 Fighting
 + Level 6.2 Axes
 + Level 7.0 Armour
 + Level 5.1 Dodging
 + Level 6.9 Shields


You had 7 spell levels left.
You didn't know any spells.
Your spell library contained the following spells:

 Spells                   Type           Power      Damage    Failure   Level
 Kiss of Death            Conj/Necr      0%         2d5       69%         1
 Confusing Touch          Hex            0%         N/A       96%         3
 Dispel Undead            Necr           0%         3d6       100%        4


Dungeon Overview and Level Annotations

Branches:
Dungeon (6/15)
 Temple: D:4-7

Altars:
Ashenzari
Hepliaklqana
Trog

Annotations:
D:6 1 transporter


Innate Abilities, Weirdness & Mutations

You have a pair of horns on your head.
You reflexively headbutt those who attack you in melee.


Message History

The stone arrow hits you!
Unknown command.
The gnoll misses you. The gnoll closely misses you.
The gnoll barely misses you. You furiously retaliate!
You headbutt the gnoll. The gnoll completely misses you.
You slice the gnoll!! You freeze the gnoll.
You kill the gnoll!
You hit the gnoll. You freeze the gnoll. You slash the gnoll bouda!
You freeze the gnoll bouda. You barely miss the gnoll.
The gnoll barely misses you. The gnoll completely misses you.
The gnoll hits you with a +0 whip!
The gnoll bouda gazes fiercely through you!
You feel as though you will be weak longer.
The gnoll bouda barely misses you.
Your Armour skill increases to level 7!
You hit the gargoyle but do no damage. You headbutt the gargoyle!
The gargoyle is heavily damaged.
You hit the gnoll. You freeze the gnoll. You barely miss the gnoll bouda.
You hit the gnoll. You freeze the gnoll.
The gargoyle hits you with a +2 mace of protection!
The gnoll hits you but does no damage. The gnoll hits you with a +0 flail.
* * * LOW HITPOINT WARNING * * *
The gnoll hits you but does no damage.
The gnoll bouda hits you but does no damage.
The gargoyle hits you with a +2 mace of protection!
* * * LOW HITPOINT WARNING * * *
The gnoll hits you but does no damage. The gnoll hits you with a +0 whip.
* * * LOW HITPOINT WARNING * * *
The gnoll bouda gazes fiercely through you!
You feel as though you will be weak longer.
The gnoll bouda hits you with a +0 whip.
* * * LOW HITPOINT WARNING * * *
The gnoll hits you from afar with a +0 halberd.
* * * LOW HITPOINT WARNING * * *
You feel much better.
The gargoyle hurls a stone arrow at you.
The stone arrow hits you!!
* * * LOW HITPOINT WARNING * * *
The gnoll hits you with a +0 flail!
You die...

##+######.#8.≈≈..#
.##.≈≈..#
.g#.~~..#
.##.≈≈..# #8.≈≈..#
###≈≈..# ...#≈≈..#
.#.#≈≈.g# ###≈≈9@#
≈≈≈≈≈≈gg#
≈≈≈≈≈≈.g#
........#
#.####..# #. ..##
.# ..


You could see a gargoyle, a gnoll bouda and 3 gnolls.

Vanquished Creatures
  A water moccasin (D:6)
  Pargi (D:4)
  2 ice beasts
  A black bear (D:6)
  An ogre (D:5)
  A phantom (D:5)
  A kobold brigand (D:6)
  2 scorpions
  2 hounds (D:5)
  6 orc priests
  A jelly (D:5)
  Terence (D:3)
  Natasha (thrice) (D:3)
  An iguana (D:5)
  6 orc wizards
  5 gnolls
  7 adders
  An ufetubus (D:5)
  4 worms
  2 dart slugs (D:3)
  29 orcs
  4 endoplasms
  6 goblins
  3 hobgoblins
  11 kobolds
  5 quokkas
  4 ball pythons
  6 bats
  5 frilled lizards
  3 rats
125 creatures vanquished.

Vanquished Creatures (others)
  2 plants
2 creatures vanquished.

Grand Total: 127 creatures vanquished

Notes
Turn   | Place    | Note
-------+----------+-------------------------------------------
     0 | D:1      | nfeknkrwl the Minotaur Fighter began the quest for the Orb.
     0 | D:1      | Reached XP level 1. HP: 19/19 MP: 0/0
   274 | D:1      | Reached XP level 2. HP: 27/27 MP: 1/1
   919 | D:2      | Reached skill level 1 in Dodging
  1014 | D:2      | Reached skill level 4 in Armour
  1019 | D:2      | Reached XP level 3. HP: 19/33 MP: 2/2
  1125 | D:2      | Identified the +1 scale mail of the Ornamental God {rC+
                  | Will+++ rCorr Int-3}
  1785 | D:3      | Reached XP level 4. HP: 25/40 MP: 3/3
  1785 | D:3      | Noticed Terence
  1789 | D:3      | Noticed Natasha
  1795 | D:3      | Killed Terence
  1798 | D:3      | Killed Natasha
  1799 | D:3      | Reached XP level 5. HP: 25/47 MP: 4/4
  1973 | D:3      | Noticed Natasha
  1991 | D:3      | Killed Natasha
  2222 | D:3      | Found a faded altar of an unknown god.
  2244 | D:3      | Noticed Natasha
  2250 | D:3      | Killed Natasha
  2372 | D:3      | Found a hazy altar of Hepliaklqana.
  2372 | D:3      | Found a bloodstained altar of Trog.
  2437 | D:4      | Found a broken altar of Ashenzari.
  2524 | D:4      | Reached XP level 6. HP: 37/55 MP: 5/5
  2590 | D:4      | Reached skill level 5 in Shields
  2691 | D:4      | Reached skill level 5 in Armour
  2920 | D:4      | Reached skill level 5 in Fighting
  2961 | D:4      | Noticed Pargi
  2970 | D:4      | Killed Pargi
  3033 | D:4      | Noticed an ice beast
  3047 | D:4      | Killed an ice beast
  3048 | D:4      | Reached XP level 7. HP: 30/61 MP: 6/6
  3521 | D:5      | Entered Level 5 of the Dungeon
  3698 | D:5      | Reached skill level 5 in Axes
  4311 | D:5      | Reached skill level 6 in Armour
  4323 | D:5      | Reached XP level 8. HP: 49/70 MP: 7/7
  4949 | D:6      | Reached skill level 5 in Dodging
  5014 | D:6      | Identified a scroll of acquirement
  5014 | D:6      | Acquired a +0 broad axe of freezing
  5185 | D:6      | Found a transporter.
  5214 | D:6      | Noticed a gargoyle
  5223 | D:6      | Reached skill level 7 in Armour
  5223 | D:6      | HP: 1/71 [gnoll/+0 halberd[a gnoll bouda] (6)]
  5224 | D:6      | Slain by a gnoll

Illustrated notes

Levels and vault maps discovered:
D:1:      lemuel_arrival_behind_the_door_large, layout_loops_ring,
          minmay_misc_feat_secret_circle
D:2:      layout_basic
D:3:      layout_rooms, nicolae_overflow_hidden_temple,
          dilly_ecumenical_altar_fadedgnrine, uniq_terence, uniq_natasha
D:4:      layout_gridville, lemuel_tele_altar, serial_glass, glass_columns_a,
          glass_columns_a, serial_bayou_lagoon_a, uniq_pargi
D:5:      layout_basic
D:6:      layout_loops_ring, gammafunk_ghost_gnarly_gnolls

Skill      XL: |  1  2  3  4  5  6  7  8 |
---------------+-------------------------+-----
Dodging        | 1 2 3 4 5 |  5.1
Armour         | 4 5 6 7 |  7.0
Fighting       | 4 5 6 |  6.8
Shields        | 4 5 6 |  6.9
Axes           | 3 4 5 6 |  6.2

Action                   |  1- 3 |  4- 6 |  7- 9 || total
-------------------------+-------+-------+-------++-------
Melee: War axe           |    87 |    94 |   115 ||   296
       Headbutt          |     6 |    13 |    18 ||    37
       Broad axe         |       |       |    11 ||    11
  Use: Scroll            |     4 |     9 |     3 ||    16
       Potion            |       |     1 |     4 ||     5
Armor: Scale mail        |    35 |    32 |    63 ||   130
Dodge: Dodged            |    43 |    49 |    70 ||   162
Block: Buckler           |    23 |    27 |    18 ||    68

Table legend: (Time is in decaauts)
 A = Elapsed time spent in this place.
 B = Non-inter-level travel time spent in this place.
 C = Inter-level travel time spent in this place.
 D = Time resting spent in this place.
 E = Time spent auto-exploring this place.
 F = Levels seen in this place.
 G = Mean time per level.
                   A        B        C        D        E       F      G
               +--------+--------+--------+--------+--------+-----+--------+
         Total |   5331 |   5179 |    152 |      8 |   4252 |   6 |  888.5 |
       Dungeon |   5331 |   5179 |    152 |      8 |   4252 |   6 |  888.5 |
               +--------+--------+--------+--------+--------+-----+--------+

Top non-repeatable levels by time:
     D:5: 1418 daAuts
     D:4: 1173 daAuts
     D:2: 884 daAuts
     D:1: 784 daAuts
     D:3: 751 daAuts
     D:6: 319 daAuts
